 Dungeon Crawl Stone Soup version 0.23-a0-481-g60b89c1 (webtiles) character file.

9684 RoseArtemis the Grappler (level 11, -4/111 HPs)
             Began as a Troll Monk on Nov 29, 2018.
             Slain by a yak (13 damage)
             ... on level 2 of the Lair of Beasts.
             The game lasted 00:25:05 (8077 turns).

RoseArtemis the Grappler (Troll Monk)               Turns: 8077, Time: 00:25:05

Health: -4/111     AC:  9    Str: 26    XL:     11   Next: 26%
Magic:  10/10      EV: 14    Int:  6    God:
Gold:   246        SH:  8    Dex: 15    Spells: 10/10 levels left

rFire    . . .     SeeInvis .     - Unarmed
rCold    . . .     Gourm    +   (no shield)
rNeg     . . .     Faith    .   j - +0 troll leather armour
rPois    .         Spirit   .   (helmet restricted)
rElec    .         Reflect  +   (no cloak)
rCorr    .         Harm     .   (gloves unavailable)
MR       +....                  (boots unavailable)
Stlth    ++........             c - brooch of Shielding {Reflect SH+8}
HPRegen  1.08/turn              f - ring of protection from magic
MPRegen  0.12/turn              h - +2 ring of protection

@: mighty, lethally poisoned (-4 -> -17)
A: large, unfitting armour, claws 3, fast metabolism 3, gourmand, regeneration
1, shaggy fur 1, tough skin 2
a: no special abilities


You were on level 2 of the Lair of Beasts.
You were completely stuffed.

You visited 3 branches of the dungeon, and saw 14 of its levels.

You collected 418 gold pieces.
You spent 172 gold pieces at shops.

Inventory:

Missiles
 r - 8 large rocks (quivered)
Armour
 a - a +1 robe
 j - a +0 troll leather armour (worn)
Jewellery
 c - the brooch of Shielding (around neck) {Reflect SH+8}
   (You found it on level 9 of the Dungeon)

   [amulet of reflection]

   It shields you and reflects attacks.
   It affects your SH (+8).
 f - a ring of protection from magic (left claw)
 h - a +2 ring of protection (right claw)
Wands
 g - a wand of paralysis (6)
 i - a wand of enslavement (9)
 l - a wand of iceblast (8)
 u - a wand of flame (10)
 w - a wand of digging (9)
 x - a wand of disintegration (17)
Scrolls
 d - 2 scrolls of identify
 k - a scroll of remove curse
 s - a scroll of amnesia
 v - a scroll of magic mapping
 y - a scroll of enchant weapon
 A - 3 scrolls of fear
Potions
 e - 4 potions of brilliance
 m - a potion of experience
 n - 2 potions of magic
 o - 2 potions of curing
 p - a potion of flight
 t - a potion of invisibility {unknown}
 B - a potion of resistance
 E - a potion of cancellation
 F - a potion of ambrosia
Comestibles
 b - 22 rations
 q - 16 chunks of flesh


   Skills:
 + Level 7.9 Fighting
 + Level 7.9 Dodging
 - Level 1.0 Stealth
 * Level 12.6 Unarmed Combat


You had 10 spell levels left.
You didn't know any spells.
Your spell library was empty.

Dungeon Overview and Level Annotations

Branches:
Dungeon (11/15)            Temple (1/1) D:5            Lair (2/6) D:11
  Swamp (0/4) Lair:2
  Snake: Lair:2-4    Spider: Lair:2-4       Orc: D:9-12

Altars:
Ashenzari
Cheibriados
Dithmenos
Elyvilon
Fedhas
Gozag
Hepliaklqana
Kikubaaqudgha
Makhleb
Nemelex Xobeh
Okawaru
Qazlal
Ru
Sif Muna
Trog
Uskayaw
Vehumet
Wu Jian
Xom
Yredelemnul
Zin
The Shining One

Shops:
D:4 (:(   D:5 (=???   D:6 }   D:8 [   D:9 !%!}*

Annotations:
D:3 3 runed doors, Lavandula's ghost, weakling NaAE
D:4 3 runed doors, derval's ghost, amateur DDEE
D:9 exclusion: downstairs, Erica


Innate Abilities, Weirdness & Mutations

You are too large for most types of armour.
You have claws for hands.
Your metabolism is lightning-fast.
You like to eat raw meat.
Your natural rate of healing is unusually fast.
You are covered in fur. (AC +1)
You have very tough skin. (AC +2)


Message History

The yak closely misses you.
You claw the yak! x2; You block the yak's attack.
The yak barely misses you. You block the spiny frog's attack.
The yak barely misses you.
You mangle the yak!!
You kill the yak!
You block the yak's attack. You block the spiny frog's attack.
You scratch the spiny frog. You mangle the spiny frog!!
The spiny frog stings you.
* * * LOW HITPOINT WARNING * * *
You are poisoned.
The spiny frog poisons you!
You feel sick. The spiny frog stings you.
* * * LOW HITPOINT WARNING * * *
You are lethally poisoned!
The spiny frog poisons you!
* * * LOW HITPOINT WARNING * * *
You feel very sick. The yak gores you!
You die...

# # ## ## #
..#.##P #.
....... .### ..
....... ..P ..
....#.. ..## .#
#....#.### ...#
. #....Y#F##..#
#..#.Y.#.@..##
#.....YYY....#
.)##.....##..##
####..## ..#
#.#...## ..#
#.....# .##
#..#...## .#
.....#.<..#.#
....##......P


You could see 3 yaks and a spiny frog.

Vanquished Creatures
  A two-headed ogre (D:9)
  A centaur warrior (D:10)
  2 cyclopes (D:9)
  An elephant (D:11)
  A centaur zombie (D:8)
  Joseph (D:9)
  A spiny frog (Lair:2)
  2 trolls
  Prince Ribbit (D:8)
  3 hippogriffs
  A spriggan (D:7)
  2 yaks (Lair:2)
  A wyvern (D:9)
  2 hungry ghosts
  A basilisk (D:11)
  3 water moccasins
  An orc warrior (D:9)
  A porcupine (Lair:1)
  A hornet zombie (D:7)
  An ice beast (D:8)
  A black bear (D:9)
  2 sky beasts (D:7)
  A phantom (D:11)
  3 ogres
  4 centaurs
  2 crocodiles (D:11)
  2 big kobolds (D:9)
  8 bullfrogs
  A water moccasin zombie (D:6)
  A wyvern skeleton (D:9)
  3 scorpions
  4 killer bees (D:9)
  3 wights (D:8)
  3 howler monkeys
  2 crimson imps
  3 jellies
  An orc priest (D:9)
  2 bullfrog skeletons
  2 centaur skeletons
  5 hounds
  Terence (D:2)
  3 iguanas
  2 worker ants
  6 orc wizards
  A killer bee zombie (D:9)
  3 hound zombies
  A hound skeleton (D:7)
  A howler monkey skeleton (D:3)
  6 adders
  An ooze (D:4)
  3 worms
  3 dart slugs
  7 leopard geckos
  21 orcs
  3 giant cockroaches
  7 goblins
  7 hobgoblins
  8 jackals
  3 quokkas
  2 ball pythons
  8 bats
  3 frilled lizards
  12 kobolds
  2 leopard gecko skeletons
  7 rats
202 creatures vanquished.

Vanquished Creatures (others)
  5 fungi
5 creatures vanquished.

Grand Total: 207 creatures vanquished

Notes
Turn   | Place    | Note
-------+----------+-------------------------------------------
     0 | D:1      | RoseArtemis the Troll Monk began the quest for the Orb.
     0 | D:1      | Reached XP level 1. HP: 22/22 MP: 0/0
    43 | D:1      | Reached XP level 2. HP: 28/29 MP: 1/1
   262 | D:1      | Reached XP level 3. HP: 34/36 MP: 2/2
   286 | D:1      | Found a sparkling altar of Nemelex Xobeh.
   776 | D:2      | Noticed Terence
   817 | D:3      | Reached skill level 4 in Unarmed Combat
   817 | D:3      | Reached XP level 4. HP: 4/45 MP: 3/3
  1326 | D:3      | Found a runed gate.
  1326 | D:3      | Found a runed gate.
  1326 | D:3      | Found a runed gate.
  1332 | D:3      | Noticed a big kobold
  1332 | D:3      | Noticed Lavandula's ghost (weakling NaAE)
  1373 | D:3      | Reached XP level 5. HP: 50/53 MP: 4/4
  1705 | D:2      | Killed Terence
  1947 | D:4      | Noticed an ogre
  1957 | D:4      | Killed an ogre
  1957 | D:4      | Reached skill level 5 in Unarmed Combat
  2139 | D:4      | Found a runed gate.
  2143 | D:4      | Found a runed gate.
  2143 | D:4      | Found a runed gate.
  2143 | D:4      | Noticed derval's ghost (amateur DDEE)
  2165 | D:4      | Found Iteep's Book Boutique.
  2191 | D:4      | Reached XP level 6. HP: 53/61 MP: 5/5
  2320 | D:4      | Found Emenik's Antique Weapon Shoppe.
  2430 | D:4      | Found Kehureti's Antique Weapon Emporium.
  2753 | D:5      | Entered Level 5 of the Dungeon
  2915 | D:5      | Found Ahiben's Jewellery Boutique.
  2943 | D:5      | Found a staircase to the Ecumenical Temple.
  2949 | Temple   | Entered the Ecumenical Temple
  3308 | D:5      | Found Viwydeet's Magic Scroll Emporium.
  3338 | D:5      | Found Geonemor's Magic Scroll Emporium.
  3349 | D:5      | Bought a scroll of identify for 22 gold pieces
  3349 | D:5      | Bought a scroll of identify for 22 gold pieces
  3349 | D:5      | Bought a scroll of identify for 22 gold pieces
  3349 | D:5      | Bought a scroll of identify for 22 gold pieces
  3349 | D:5      | Bought a scroll of identify for 22 gold pieces
  3349 | D:5      | Bought a scroll of fear for 38 gold pieces
  3440 | D:5      | Reached skill level 6 in Unarmed Combat
  3440 | D:5      | Reached XP level 7. HP: 61/68 MP: 6/6
  3503 | D:5      | Found a white marble altar of Elyvilon.
  3556 | D:5      | Found Sechocat's Weapon Shop.
  3853 | D:5      | Found Koazyett's Magic Scroll Emporium.
  3856 | D:5      | Bought a scroll of identify for 24 gold pieces
  4280 | D:6      | Found a bloodstained altar of Trog.
  4370 | D:6      | Found Wakhip's Gadget Emporium.
  4662 | D:7      | Reached skill level 7 in Unarmed Combat
  4681 | D:7      | Found a bloodstained altar of Trog.
  4703 | D:7      | Reached XP level 8. HP: 74/79 MP: 7/7
  4864 | D:7      | Reached skill level 8 in Unarmed Combat
  4866 | D:7      | Reached skill level 5 in Fighting
  4866 | D:7      | Reached skill level 5 in Dodging
  4884 | D:7      | HP: 1/80 [spriggan baker/+0 dagger (5)]
  5437 | D:8      | Reached XP level 9. HP: 88/88 MP: 8/8
  5733 | D:8      | Reached skill level 9 in Unarmed Combat
  5874 | D:8      | Found Naip's Antique Armour Emporium.
  6137 | D:9      | Found Fyucecasch's Distillery.
  6137 | D:9      | Noticed Prince Ribbit
  6165 | D:8      | Killed Prince Ribbit
  6327 | D:9      | Noticed a cyclops
  6347 | D:9      | Found the brooch of Shielding {Reflect SH+8}
  6393 | D:9      | Found Duoluze's Food Boutique.
  6415 | D:9      | Noticed a troll
  6447 | D:8      | Killed a troll
  6447 | D:8      | Reached skill level 10 in Unarmed Combat
  6646 | D:9      | Found Yfall's Distillery.
  6661 | D:9      | Noticed a cyclops
  6668 | D:9      | Killed a cyclops
  6668 | D:9      | Reached XP level 10. HP: 30/100 MP: 9/9
  6796 | D:9      | Noticed Erica
  6797 | D:9      | Noticed a two-headed ogre
  6812 | D:9      | Killed a two-headed ogre
  6812 | D:9      | Reached skill level 11 in Unarmed Combat
  6993 | D:9      | Noticed a deep elf mage
  7009 | D:9      | Killed a cyclops
  7021 | D:9      | Noticed Joseph
  7033 | D:9      | Killed Joseph
  7244 | D:9      | Found Lepruef's Assorted Antiques.
  7266 | D:9      | Found Tuxez's Gadget Emporium.
  7453 | D:10     | Entered Level 10 of the Dungeon
  7463 | D:10     | Found a glowing silver altar of Zin.
  7463 | D:10     | Noticed an eight-headed hydra
  7635 | D:10     | Found a bloodstained altar of Trog.
  7635 | D:10     | Noticed a centaur warrior
  7655 | D:10     | Killed a centaur warrior
  7655 | D:10     | Reached skill level 12 in Unarmed Combat
  7730 | D:10     | Reached XP level 11. HP: 109/109 MP: 10/10
  7882 | D:11     | Found a staircase to the Lair.
  7942 | Lair:1   | Entered Level 1 of the Lair of Beasts
  8034 | Lair:2   | Found a staircase to the Swamp.
  8077 | Lair:2   | Slain by a yak

Vault maps used:
D:1:      minmay_arrival_three_doors, nemelex_xobeh_ov_fountains_minmay
D:2:      uniq_terence
D:3:      gammafunk_ghost_nasty_kobolds, first_ration, grunt_ministairs_9,
          hangedman_decor_diamond_cutter, minivault_25
D:4:      serial_shops, nicolae_shop_behind_doors, kennysheep_mini,
          nicolae_shop_window_shopping, gammafunk_ghost_split
D:5:      minmay_temple_entry_waves, serial_shops, kennysheep_mini_moat,
          nicolae_shop_waterfront, nicolae_shop_behind_doors, shop,
          nicolae_shop_statue_plus, elyvilon_altar_5
D:6:      serial_shops, nicolae_shop_competitors_out_of_business,
          chequers_serial_rivers_micro_a, trog_book
D:7:      kennysheep_little_box, the_bakery
D:8:      serial_shops, shop
D:9:      serial_shops, shop, nicolae_shop_waterfront, nicolae_shop_statue_plus,
          nicolae_shop_statue_plus, nicolae_shop_temple_entry_statues_fountains,
          minmay_diamond_spiral, uniq_joseph, uniq_prince_ribbit1, uniq_erica
D:10:     nicolae_trove_entry_path_of_doom, hangedman_feature_mirror
D:11:     david_lair_generic, orc_0_dummy, lab_entry_generic, uniq_sonja
Temple:   nicolae_temple_the_god_donut
Lair:1:   pond, serial_bayou_shore_b, lemuel_fruit_fields, grunt_megastairs_2
Lair:2:   minmay_swamp_entry_worms, chequers_serial_rivers_room_b

Skill      XL: |  1  2  3  4  5  6  7  8  9 10 |
---------------+-------------------------------+-----
Fighting       | 3 4 5 6 7 |  7.9
Unarmed Combat | 4 5 6 7 8 10 12 | 12.6
Dodging        | 3 4 5 6 7 |  7.9
Stealth        | |  1.0

Action                   |  1- 3 |  4- 6 |  7- 9 | 10-12 || total
-------------------------+-------+-------+-------+-------++-------
Melee: Unarmed           |   106 |   126 |   277 |   209 ||   718
       Punch             |     3 |     1 |     8 |    23 ||    35
Evoke: Wand              |       |       |       |     3 ||     3
  Use: Scroll            |       |     9 |    19 |     1 ||    29
       Potion            |       |       |     5 |     6 ||    11
 Stab: Sleeping          |     3 |     4 |     5 |     1 ||    13
  Eat: Chunk             |    13 |    17 |    41 |    19 ||    90
Armor: Robe              |    53 |    31 |    47 |       ||   131
       Skin              |       |       |     1 |       ||     1
       Troll leather arm |       |       |    15 |    58 ||    73
Dodge: Dodged            |    60 |    65 |   136 |   124 ||   385
Block: Other             |       |       |    42 |    70 ||   112
       Reflection        |       |       |       |     7 ||     7

Table legend:
 A = Non-vault XP
 B = Vault XP
 C = Vault XP percentage of total XP
 D = Non-vault monster count
 E = Vault monster count
 F = Vault count percentage of total count
                 A         B        C        D         E       F
            +---------+---------+-------+---------+---------+-------
      Total |    9775 |    4060 |  29.3 |     185 |      17 |   8.4
            +---------+---------+-------+---------+---------+-------
        D:1 |      42 |       0 |   0.0 |      24 |       0 |   0.0
        D:2 |      30 |      36 |  54.5 |      13 |       1 |   7.1
        D:3 |      88 |      45 |  33.8 |      23 |       2 |   8.0
        D:4 |     276 |       0 |   0.0 |      12 |       0 |   0.0
        D:5 |     289 |       0 |   0.0 |       8 |       0 |   0.0
        D:6 |     420 |       0 |   0.0 |      10 |       0 |   0.0
        D:7 |    1036 |     224 |  17.8 |      16 |       1 |   5.9
        D:8 |    1311 |     286 |  17.9 |      17 |       1 |   5.6
        D:9 |    4291 |    1014 |  19.1 |      45 |       4 |   8.2
       D:10 |     270 |    1457 |  84.4 |       7 |       4 |  36.4
       D:11 |     462 |     998 |  68.4 |       4 |       4 |  50.0
     Lair:1 |     455 |       0 |   0.0 |       3 |       0 |   0.0
     Lair:2 |     805 |       0 |   0.0 |       3 |       0 |   0.0
            +---------+---------+-------+---------+---------+-------
